 Dungeon Crawl Stone Soup version 0.19.5 (webtiles) character file.

7323 BugsBunnySan the Ripper (level 10, -4/43 HPs)
             Began as a Felid Berserker on Mar 22, 2017.
             Was an Elder of Trog.
             Slain by a spiny frog (16 damage)
             ... on level 5 of the Lair of Beasts.
             The game lasted 00:33:52 (17328 turns).

BugsBunnySan the Ripper (Felid Berserker)          Turns: 17328, Time: 00:33:53

Health: -4/43      AC:  6    Str: 13    XL:     10   Next: 90%
Magic:  11/11      EV: 27    Int:  9    God:    Trog [****..]
Gold:   827        SH:  0    Dex: 20    Spells: 0 memorised, 9 levels left
                                        Lives:  0   Deaths: 2

rFire  . . .     SeeInvis +       - Unarmed
rCold  + . .     Gourm    .     (armour unavailable)
rNeg   . . .     Faith    +     (shield unavailable)
rPois  .         Spirit   .     (helmet unavailable)
rElec  .         Reflect  .     (cloak unavailable)
rCorr  .         Harm     .     (gloves unavailable)
MR     ++++.     Rnd*Rage +     (boots unavailable)
Stlth  ++++++....               f - amulet of faith
                                c - ring of protection from magic
                                d - +3 ring of protection

@: lethally poisoned (-4 -> -4), exhausted, regenerating, slowed, slow
A: no armour, no weapons or thrown items, stealth, claws 1, fangs 3, see
invisible, berserk 1, blink, carnivore 3, speed 1, shaggy fur 3, slow metabolism
1, sharp paws
a: Blink, Berserk, Trog's Hand, Brothers in Arms, Burn Spellbooks, Renounce
Religion


You were on level 5 of the Lair of Beasts.
You worshipped Trog.
Trog was greatly pleased with you.
You were not hungry.

You visited 2 branches of the dungeon, and saw 14 of its levels.

You collected 827 gold pieces.

Inventory:

Jewellery
 c - a ring of protection from magic (right paw)
 d - a +3 ring of protection (left paw)
 f - an amulet of faith (around neck)
 i - a +3 ring of dexterity
 u - an uncursed amulet of guardian spirit
 C - an uncursed ring of stealth
 F - an uncursed ring of resist corrosion
 G - a +1 ring of evasion
 P - an uncursed ring of poison resistance
Wands
 s - a wand of digging (14/24)
 N - a wand of heal wounds (5/9)
Scrolls
 e - 7 scrolls of remove curse {unknown}
 j - 3 scrolls of teleportation {unknown}
 l - 4 scrolls of random uselessness {unknown}
 m - 7 scrolls of magic mapping {unknown}
 p - 2 scrolls of enchant armour {unknown}
 r - a scroll of blinking {unknown}
 v - a scroll of silence {unknown}
 x - 3 scrolls of enchant weapon {unknown}
 A - 2 scrolls of immolation {unknown}
 D - a scroll of fog
 J - a scroll of fear
 L - 2 scrolls of holy word
Potions
 g - 5 potions of heal wounds
 h - 2 potions of agility
 k - a potion of cure mutation
 o - 6 potions of curing
 q - a potion of mutation {unknown}
 t - a potion of flight
 w - a potion of might
 E - 2 potions of haste
 I - 2 potions of invisibility
 Q - 3 potions of lignification
Books
 b - a book of Misfortune

   Spells                             Type                      Level
   a - Confusing Touch                Hexes                        1
   b - Confuse                        Hexes                        3
   c - Gell's Gravitas                Hexes/Translocation          3
   d - Petrify                        Transmutation/Earth          4
   e - Metabolic Englaciation         Hexes/Ice                    5
   f - Yara's Violent Unravelling     Hexes/Transmutation          5
   Trog disapproves of the use of such an item.
 y - a Fen Folio

   Spells                             Type                      Level
   a - Corpse Rot                     Necromancy                   2
   b - Stone Arrow                    Conjuration/Earth            3
   c - Leda's Liquefaction            Hexes/Earth                  4
   d - Summon Forest                  Summoning/Translocation      5
   e - Hydra Form                     Transmutation                6
   f - Summon Hydra                   Summoning                    7
   Trog disapproves of the use of such an item.
Comestibles
 a - 8 meat rations
 n - 11 slices of pizza
 z - 4 royal jellies
 H - 5 beef jerkies


   Skills:
 + Level 4.4 Fighting
 + Level 9.8 Dodging
 + Level 11.7 Stealth
 * Level 17.1 Unarmed Combat


You had 9 spell levels left.
You didn't know any spells.

Dungeon Overview and Level Annotations

Branches:
Dungeon (9/15)             Temple (0/1) D:4            Lair (5/6) D:9
  Swamp (0/4) Lair:4       Spider (0/4) Lair:2
  Slime: Lair:5-6       Orc: D:9-12

Altars:
Ashenzari
Cheibriados
Hepliaklqana
Makhleb
Ru
Vehumet
Xom

Shops:
D:4 }   D:6 ((   D:8 *

Annotations:
D:9 Erica, Gastronok


Innate Abilities, Weirdness & Mutations

You cannot wear armour.
You are incapable of wielding weapons or throwing items.
Your paws allow you to move quietly. (Stealth)
You have sharp claws.
You have razor-sharp teeth.
You have supernaturally acute eyesight. (SInv)
You are carnivorous and can eat meat at any time.
You cover ground quickly.
Your thick and shaggy fur keeps you warm. (AC +3, rC+)
You have a slow metabolism.
Your sharp claws are effective at attacking unaware monsters.
You tend to lose your temper in combat.
You can translocate small distances at will.


Message History

You feel yourself slow down.
You feel sick.
You feel sick.
You see here a black mamba corpse.
You feel sick.
You feel sick.
You feel sick.
Your skin crawls.
You feel resistant to hostile enchantments.
You feel somewhat more hungry.
You feel sick. The spiny frog stings you!
* * * LOW HITPOINT WARNING * * *
You feel sick. The spiny frog stings you.
* * * LOW HITPOINT WARNING * * *
You feel sick. The water moccasin misses you.
The spiny frog closely misses you. The water moccasin closely misses you.
You feel sick. The water moccasin barely misses you.
You fail to use your ability.
You feel sick. The spiny frog completely misses you.
The water moccasin barely misses you. The spiny frog stings you!
You die...

##### ###.#P# #
#.#...# ## ###....###
.####### #.....@.P#
..#.##..###P...SF..##
...............5....#
.............5.......#
....................P#
........P...........##
.........#..#.......#
....P...#..##.......P.
...##...#..##.........


You could see a spiny frog, a water moccasin and 2 white imps.

Vanquished Creatures
  Harold (Lair:3)
  2 death yaks (Lair:4)
  Pikel (D:9)
  4 elephants
  5 black mambas
  5 spiny frogs
  A rime drake (Lair:3)
  2 komodo dragons
  4 hippogriffs
  4 wyverns
  A human (D:8)
  4 basilisks
  26 yaks
  3 hogs (D:8)
  A steam dragon (Lair:5)
  Menkaure (D:4)
  8 water moccasins
  5 swamp worms (Lair:4)
  14 porcupines
  A sky beast (D:8)
  2 orc warriors
  An ice beast (D:5)
  3 phantoms
  2 black bears
  2 necrophages (D:5)
  An ogre (D:3)
  An eye of draining (D:8)
  4 wolves (Lair:1)
  6 centaurs
  7 crocodiles
  2 big kobolds
  Blork the orc (D:5)
  11 bullfrogs
  A gnoll sergeant (D:6)
  2 scorpions (D:6)
  10 killer bees
  An electric eel (Lair:4)
  3 crimson imps
  The ghost of Turtleman12345 the Firebug, a weakling TeFE (D:3)
  3 hounds
  A jelly (D:5)
  9 orc wizards
  A bullfrog skeleton (D:6)
  2 orc priests (D:8)
  Crazy Yiuf (D:6)
  A centaur skeleton (D:5)
  7 worker ants
  Ijyb (D:2)
  Terence (D:2)
  Natasha (D:2)
  An iguana (D:6)
  A worker ant zombie (D:6)
  A howler monkey zombie (D:7)
  17 adders
  9 gnolls
  A shadow imp (D:5)
  A white imp (Lair:5)
  2 oozes
  2 adder zombies
  3 worms
  4 dart slugs
  6 leopard geckos
  34 orcs
  2 ball pythons
  5 giant cockroaches
  2 goblins
  16 hobgoblins
  5 jackals
  16 kobolds
  4 quokkas
  14 bats
  7 frilled lizards
  10 rats
345 creatures vanquished.

Vanquished Creatures (collateral kills)
  A death yak (Lair:4)
  A killer bee (D:7)
2 creatures vanquished.

Vanquished Creatures (others)
  4 slaves (D:9)
  An iguana (D:9)
  4 orcs (D:9)
  4 fungi
  2 plants
15 creatures vanquished.

Grand Total: 362 creatures vanquished

Notes
Turn   | Place    | Note
-------+----------+-------------------------------------------
     0 | D:1      | BugsBunnySan the Felid Berserker began the quest for the Orb.
     0 | D:1      | Reached XP level 1. HP: 10/10 MP: 2/2
   280 | D:1      | Reached XP level 2. HP: 7/14 MP: 3/3
  1235 | D:1      | Reached XP level 3. HP: 17/17 MP: 4/4
  1412 | D:2      | Noticed Terence
  1421 | D:2      | Killed Terence
  1421 | D:2      | Reached skill level 4 in Unarmed Combat
  1504 | D:2      | Reached ** piety under Trog
  1517 | D:2      | Reached skill level 1 in Stealth
  1517 | D:2      | Reached XP level 4. HP: 21/21 MP: 5/5
  1564 | D:2      | Noticed Natasha
  1571 | D:2      | Killed Natasha
  1654 | D:2      | Noticed Ijyb
  1666 | D:2      | Killed Ijyb
  1813 | D:2      | Found a shattered altar of Ashenzari.
  2096 | D:2      | Found a burning altar of Makhleb.
  2096 | D:2      | Noticed a green death
  2249 | D:2      | Reached XP level 5. HP: 24/24 MP: 6/6
  2332 | D:3      | Reached skill level 5 in Unarmed Combat
  2590 | D:3      | Reached skill level 5 in Dodging
  2784 | D:3      | Noticed an ogre
  2789 | D:3      | Reached *** piety under Trog
  2793 | D:3      | Killed an ogre
  2793 | D:3      | Gained mutation: You are covered in thick fur. (AC +2) [Felid growth]
  2793 | D:3      | Reached XP level 6. HP: 20/28 MP: 7/7
  3233 | D:3      | Noticed Turtleman12345's ghost (weakling TeFE)
  3243 | D:3      | Killed Turtleman12345's ghost
  3414 | D:4      | Reached skill level 6 in Unarmed Combat
  3501 | D:4      | Found a sacrificial altar of Ru.
  3636 | D:4      | Found Beix Neph's Gadget Shoppe.
  3835 | D:4      | Noticed Menkaure
  3846 | D:4      | Killed Menkaure
  3846 | D:4      | Reached XP level 7. HP: 31/31 MP: 8/8
  4095 | D:4      | Reached skill level 7 in Unarmed Combat
  4378 | D:4      | Found a staircase to the Ecumenical Temple.
  4690 | D:5      | Entered Level 5 of the Dungeon
  4741 | D:5      | Reached skill level 8 in Unarmed Combat
  4741 | D:5      | Reached XP level 8. HP: 34/34 MP: 9/9
  4895 | D:5      | Noticed Blork the orc
  4906 | D:5      | Killed Blork the orc
  4906 | D:5      | Reached skill level 5 in Stealth
  5346 | D:5      | Reached skill level 9 in Unarmed Combat
  5763 | D:6      | Reached **** piety under Trog
  5795 | D:6      | Found a runed door.
  5799 | D:6      | Noticed Crazy Yiuf
  5803 | D:6      | Killed Crazy Yiuf
  5907 | D:6      | Reached skill level 10 in Unarmed Combat
  6271 | D:6      | Reached XP level 9. HP: 38/38 MP: 10/10
  6299 | D:6      | Found Cayt's Weapon Emporium.
  6524 | D:6      | Found Hahepiud's Weapon Boutique.
  6996 | D:7      | Found a radiant altar of Vehumet.
  7041 | D:7      | Reached skill level 11 in Unarmed Combat
  7889 | D:8      | Gained mutation: You can translocate small distances at will. [mutagenic meat]
  7890 | D:8      | Gained mutation: You tend to lose your temper in combat. [mutagenic meat]
  7941 | D:8      | Found Gattis's Assorted Antiques.
  8072 | D:8      | Reached skill level 12 in Unarmed Combat
  8303 | D:8      | Reached XP level 10. HP: 41/41 MP: 11/11
  8521 | D:8      | Found a hazy altar of Hepliaklqana.
  8522 | D:8      | Found a shimmering altar of Xom.
  8580 | D:8      | Reached ***** piety under Trog
  9161 | D:9      | Found a snail-covered altar of Cheibriados.
  9343 | D:9      | Noticed Pikel
  9355 | D:9      | Killed Pikel
  9436 | D:9      | Noticed Erica
  9469 | D:9      | Reached skill level 13 in Unarmed Combat
 10114 | D:9      | Found a staircase to the Lair.
 10123 | D:9      | Noticed Gastronok
 10131 | Lair:1   | Entered Level 1 of the Lair of Beasts
 10420 | Lair:1   | Reached skill level 10 in Stealth
 11135 | Lair:1   | Reached XP level 11. HP: 32/45 MP: 12/12
 11332 | Lair:1   | Reached skill level 14 in Unarmed Combat
 11840 | Lair:2   | Found a hole to the Spider Nest.
 12870 | Lair:2   | You fall through a shaft!
 13366 | Lair:3   | Reached skill level 15 in Unarmed Combat
 14665 | Lair:3   | Gained mutation: Your thick and shaggy fur keeps you warm. (AC +3, rC+) [Felid growth]
 14665 | Lair:3   | Reached XP level 12. HP: 48/48 MP: 13/13
 15065 | Lair:3   | Noticed Harold
 15089 | Lair:3   | Killed Harold
 15094 | Lair:3   | Reached skill level 16 in Unarmed Combat
 15853 | Lair:4   | Slain by a swamp worm
 15854 | Lair:4   | Reached XP level 11. HP: -4/45 MP: 12/12
 16575 | Lair:4   | Noticed a death yak
 16578 | Lair:4   | Noticed a death yak
 16579 | Lair:4   | Noticed a death yak
 16588 | Lair:4   | Killed a death yak
 16589 | Lair:4   | Killed a death yak
 16591 | Lair:4   | Killed a death yak
 17003 | Lair:4   | Found a staircase to the Swamp.
 17247 | Lair:5   | Noticed a five-headed hydra
 17253 | Lair:5   | Slain by a five-headed hydra
 17254 | Lair:5   | Reached XP level 10. HP: -3/64 MP: 11/11
 17293 | Lair:5   | Reached skill level 17 in Unarmed Combat
 17301 | Lair:5   | Noticed a black mamba
 17306 | Lair:5   | Killed a black mamba
 17311 | Lair:5   | Noticed a spiny frog
 17328 | Lair:5   | Slain by a spiny frog

Skill      XL: |  1  2  3  4  5  6  7  8  9 10 11 12 |
---------------+-------------------------------------+-----
Unarmed Combat | 4 5 6 8 10 12 17 15 16 | 17.1
Stealth        | 1 2 3 4 5 8 10 11 | 11.7
Dodging        | 5 6 7 8 9 |  9.8
Fighting       | 4 |  4.4

Action                   |  1- 3 |  4- 6 |  7- 9 | 10-12 || total
-------------------------+-------+-------+-------+-------++-------
Melee: Unarmed           |    74 |   157 |   291 |   448 ||   970
       Bite              |     6 |    18 |    31 |    63 ||   118
       Punch             |     2 |     2 |    16 |    36 ||    56
Invok: Berserk           |     2 |     9 |    19 |    35 ||    65
       Trog's Hand       |       |     3 |     6 |     8 ||    17
       Brothers in Arms  |       |       |     1 |     1 ||     2
  Use: Scroll            |       |       |       |    15 ||    15
 Stab: Sleeping          |     3 |     8 |    19 |    24 ||    54
       Paralysed         |       |     1 |       |       ||     1
       Distracted        |       |       |     1 |     2 ||     3
  Eat: Chunk             |     9 |    14 |    31 |    56 ||   110
Armor: Skin              |     5 |     8 |    11 |    12 ||    36
Dodge: Dodged            |    48 |   123 |   233 |   282 ||   686
